AoeStats
← 布丁

Arena

505865061Analyzed
4v4 RM · 22d ago on Sep 11, 2026· 52m 7s· 8 players
Game mode
Random Map
Map size
Large (8 player)
Population
200
Speed
Normal
Resources
Standard
Victory
Conquest
Starting age
Dark Age
Ending age
Imperial Age
RankedLock teamsTeams togetherTeam positionsShared explorationLock speedFull tech treeHidden civsTurbo modeCheats
Victory
Defeat
🇹🇷 Spanish · Türkiye
856
+19
🇨🇳 Japanese · China
845
+19
🇹🇼 Cumans · Taiwan
842
+20
🇹🇼 Goths · Taiwan
791
+35
🇦🇷 Byzantines · Argentina
938
-20
🇮🇹 Teutons · Italy
913
-20
🇹🇼 Celts · Taiwan
913
-20
🇰🇷 Berbers · South Korea
912
-20
SUZUKI
0:47 Loom
11:21 Feudal Age
12:20 Double-Bit Axe
15:23 Gold Mining
30:35 Castle Age
34:56 Bow Saw
34:42 Horse Collar
37:11 Gold Shaft Mining
40:22 Imperial Age
38:27 Heavy Plow
38:21 Stone Mining
40:13 Squires
39:59 Arson
39:35 Pikeman
40:53 Forging
40:44 Scale Mail Armor
40:49 Scale Barding Armor
40:45 Padded Archer Armor
40:36 Fletching
41:04 Halberdier
41:44 Elite Steppe Lancer
42:35 Bloodlines
42:45 Chain Mail Armor
43:05 Iron Casting
43:19 Wheelbarrow
42:33 Town Watch
43:26 Crop Rotation
45:22 Iron Casting
45:08 Chain Barding Armor
48:01 Blast Furnace
46:57 Bodkin Arrow
50:41 Ballistics
51:22 Chemistry
50:17 Murder Holes
51:06 Caravan
51:50 Capped Ram
布丁
1:11 Loom
12:59 Feudal Age
14:59 Wheelbarrow
17:35 Castle Age
15:46 Double-Bit Axe
15:46 Horse Collar
16:04 Stone Mining
20:49 Hand Cart
28:06 Pikeman
28:47 Squires
34:44 Imperial Age
32:19 Gold Mining
33:00 Scale Mail Armor
33:15 Forging
34:35 Anarchy
36:27 Chemistry
35:52 Perfusion
37:05 Halberdier
37:50 Town Watch
37:56 Town Watch
46:59 Chain Mail Armor
濕主請三濕
14:24 Feudal Age
16:06 Wheelbarrow
15:19 Double-Bit Axe
15:14 Horse Collar
16:06 Gold Mining
19:07 Castle Age
20:03 Bow Saw
21:48 Heavy Plow
25:11 Imperial Age
22:52 Loom
22:31 Man-at-Arms
22:56 Gambesons
23:35 Treadmill Crane
23:37 Long Swordsman
24:25 Town Watch
26:46 Two-Handed Swordsman
27:55 Gambesons
28:12 Squires
28:26 Fortified Wall
29:41 Hand Cart
30:18 Gold Shaft Mining
32:29 Two-Man Saw
31:16 Champion
31:50 Stone Mining
33:01 Forging
32:51 Scale Mail Armor
33:31 Arson
36:36 Iron Casting
36:01 Scale Mail Armor
36:36 Iron Casting
36:01 Scale Mail Armor
35:53 Fletching
36:38 Conscription
37:28 Town Patrol
38:31 Blast Furnace
44:32 Kataparuto
45:42 Chain Mail Armor
45:23 Bodkin Arrow
45:50 Ballistics
45:30 Pikeman
46:42 Elite Samurai
47:22 Yasama
47:59 Hoardings
48:54 Plate Mail Armor
48:25 Bracer
47:48 Halberdier
49:49 Chemistry
YAMAHA
2:01 Loom
12:27 Feudal Age
16:55 Castle Age
15:10 Double-Bit Axe
15:34 Horse Collar
21:39 Husbandry
22:12 Scale Barding Armor
24:39 Bloodlines
24:48 Heavy Plow
25:02 Bow Saw
30:56 Imperial Age
29:22 Gold Mining
29:47 Pikeman
30:27 Squires
31:52 Wheelbarrow
32:37 Ballistics
33:20 Chemistry
36:46 Chain Barding Armor
36:37 Forging
36:56 Hand Cart
38:30 Cavalier
40:55 Plate Barding Armor
40:23 Paladin
49:20 Iron Casting
49:52 Ballistics
49:43 Fortified Wall
49:55 Scale Mail Armor
52:07 Blast Furnace
小琰
11:26 Feudal Age
16:16 Castle Age
15:07 Double-Bit Axe
15:25 Horse Collar
20:50 Heavy Plow
Marlboro
10:24 Feudal Age
15:30 Castle Age
13:47 Double-Bit Axe
14:13 Horse Collar
15:25 Stone Mining
15:40 Gold Mining
22:55 Heavy Plow
25:10 Bow Saw
27:42 Gambesons
27:18 Pikeman
32:58 Imperial Age
31:29 Wheelbarrow
32:47 Masonry
32:59 Ballistics
32:21 Treadmill Crane
33:21 Gold Shaft Mining
33:16 Arson
34:17 Forging
34:07 Scale Mail Armor
35:11 Chemistry
35:27 Hand Cart
34:48 Heavy Scorpion
36:04 Light Cavalry
36:46 Husbandry
37:26 Iron Casting
37:00 Scale Barding Armor
37:16 Loom
37:52 Fortified Wall
37:37 Murder Holes
37:06 Onager
38:31 Siege Onager
44:10 Blast Furnace
43:26 Chain Mail Armor
45:54 Furor Celtica
jhkim91cfa
7:38 Loom
10:09 Feudal Age
15:05 Double-Bit Axe
15:01 Horse Collar
19:36 Castle Age
17:55 Fletching
18:53 Padded Archer Armor
19:39 Gold Mining
19:39 Stone Mining
20:27 Bow Saw
22:18 Heavy Plow
24:24 Kasbah
24:46 Bloodlines
25:40 Light Cavalry
27:22 Wheelbarrow
26:32 Town Watch
29:29 Forging
29:24 Scale Barding Armor
29:14 Bodkin Arrow
29:35 Leather Archer Armor
35:32 Imperial Age
33:35 Husbandry
36:54 Hand Cart
36:40 Town Patrol
36:51 Cavalier
39:05 Elite Genitour
40:04 Elite Camel Archer
41:33 Onager
46:54 Hussar
47:40 Bracer
47:56 Leather Archer Armor
48:16 Iron Casting
48:02 Chain Barding Armor
澜庭室
10:29 Feudal Age
15:18 Castle Age
13:32 Double-Bit Axe
13:29 Horse Collar
16:09 Wheelbarrow
29:29 Elite Skirmisher
35:09 Imperial Age
33:59 Hand Cart
37:22 Bow Saw
38:58 Elite Skirmisher
38:59 Elite Genitour
41:21 Ballistics
42:02 Chemistry
41:56 Fletching
42:06 Padded Archer Armor
43:31 Bodkin Arrow
43:51 Leather Archer Armor
44:14 Thumb Ring
46:30 Pikeman
47:10 Squires
47:01 Heavy Camel Rider
47:41 Husbandry
Connection lost

Rejoining the realm…

Still unreachable

The connection could not be restored.

Session expired

The server has moved on; the page needs a fresh start.